 Dungeon Crawl Stone Soup version 0.22-a0-542-gce4f928 (webtiles) character file.

98 iamserjio the Grave Robber (level 4, -3/29 HPs)
             Began as an Octopode Wanderer on June 24, 2018.
             Slain by an orc
             ... wielding a +0 hand axe
              (6 damage)
             ... on level 3 of the Dungeon.
             The game lasted 00:04:40 (2684 turns).

iamserjio the Grave Robber (Octopode Wanderer)      Turns: 2684, Time: 00:04:41

Health: -3/29      AC:  1    Str: 12    XL:     4   Next: 69%
Magic:  8/8        EV: 19    Int: 14    God:
Gold:   174        SH:  0    Dex: 16    Spells: 9/9 levels left

rFire    . . .     SeeInvis .   g - +0 dagger
rCold    . . .     Gourm    .   (no shield)
rNeg     . . .     Faith    .   (helmet restricted)
rPois    .         Spirit   .   (no amulet)
rElec    .         Reflect  .   (no ring)
rCorr    .         Harm     .   (no ring)
MR       .....                  (no ring)
Stlth    ++++......             (no ring)
HPRegen  0.09/turn              (no ring)
MPRegen  0.11/turn              (no ring)
                                (no ring)
                                (no ring)

@: agile
A: almost no armour, stealthy swim, amphibious, 8 rings, constrict 8, camouflage
1, gelatinous body 1
a: no special abilities


You were on level 3 of the Dungeon.
You were not hungry.

You visited 1 branch of the dungeon, and saw 3 of its levels.

You collected 174 gold pieces.

Inventory:

Hand Weapons
 d - a +0 club
 g - a +0 dagger (weapon)
Missiles
 m - a throwing net (quivered) {!f}
Jewellery
 k - a cursed ring of loudness {unknown}
 l - a cursed ring of teleportation {unknown}
Wands
 a - a wand of enslavement (14)
Scrolls
 c - 2 scrolls of teleportation
 e - 3 scrolls of enchant weapon {unknown}
 h - a scroll of magic mapping {unknown}
 i - 2 scrolls of remove curse {unknown}
 j - 3 scrolls of identify {unknown}
 n - a scroll of fog {unknown}
Comestibles
 f - 4 rations


   Skills:
 + Level 1.8 Fighting
 * Level 2.8 Dodging
 + Level 2.7 Stealth
 - Level 3.0 Spellcasting
   Level 1.0 Charms
   Level 3.0 Necromancy
   Level 1.0 Fire Magic
 - Level 2.1 Evocations


You had 9 spell levels left.
You didn't know any spells.
Your spell library contained the following spells:

 Spells                   Type           Power        Failure   Level  Hunger
 Stone Arrow              Conj/Erth      #.....       54%         3    ###....
 Sandblast                Erth           #.....       22%         1    #......


Dungeon Overview and Level Annotations

Branches:
Dungeon (3/15)

Altars:
Elyvilon

Annotations:
D:2 Sigmund


Innate Abilities, Weirdness & Mutations

You cannot wear most types of armour.
You are very stealthy in the water. (Stealth+)
You are amphibious.
You can wear up to eight rings at the same time.
You can use your tentacles to constrict eight enemies at once.
Your skin changes colour to match your surroundings (Stealth+).
Your rubbery body absorbs attacks. (AC +1, EV +1)


Message History

Okay, then.
You release your grip on the orc.
A gnoll comes into view. It is wielding a club.
Evoke which item? (* to show all) (? for menu, Esc to quit)
Aiming: Enslavement
Press: ? - help, Shift-Dir - straight line, f - gnoll
Aim: a gnoll, wielding a club and wearing a ring mail (hasn't noticed you, chance to defeat MR: 61%)
Okay, then.
Okay, then.
It was a potion of agility.
You feel agile all of a sudden.
The gnoll shouts!
The gnoll throws a stone.
The stone closely misses you. The orc barely misses you.
Evoke which item? (* to show all) (? for menu, Esc to quit)
Aiming: Enslavement
Press: ? - help, Shift-Dir - straight line, f - gnoll
Aim: a gnoll, wielding a club and wearing a ring mail (chance to defeat MR: 61%)
The gnoll is charmed.
The orc hits you with a hand axe.
You die...

## .. .# ###### .#
###....########.#
##......@oJ...)..#
##.......########.#
#...≈≈≈...# ..o
#..≈≈≈≈≈g.# #.oJ.
#..≈≈♣≈≈..# .#o...
#..≈≈≈≈≈..# .#....
♣...≈≈≈...♣ # ...
♣.......♣♣ #=
♣♣.....♣♣


You could see an ooze, an orc and a friendly gnoll.

Vanquished Creatures
  3 gnolls
  2 adders
  2 dart slugs (D:1)
  A leopard gecko (D:2)
  3 orcs (D:3)
  2 giant cockroaches (D:3)
  9 hobgoblins
  3 quokkas (D:3)
  A ball python (D:3)
  3 bats
  2 frilled lizards
  6 goblins
  2 kobolds
  3 rats (D:1)
42 creatures vanquished.

Notes
Turn   | Place    | Note
-------+----------+-------------------------------------------
     0 | D:1      | iamserjio the Octopode Wanderer began the quest for the Orb.
     0 | D:1      | iamserjio set off with: a wand of enslavement (15), a scroll of teleportation, a +0 club, a ration
     0 | D:1      | Reached XP level 1. HP: 11/11 MP: 4/4
   327 | D:1      | Reached skill level 1 in Dodging
   327 | D:1      | Reached skill level 1 in Stealth
   327 | D:1      | Reached XP level 2. HP: 18/18 MP: 6/6
   822 | D:2      | Noticed Sigmund
   982 | D:2      | Reached skill level 1 in Fighting
  1233 | D:2      | Reached XP level 3. HP: 16/23 MP: 7/7
  1776 | D:2      | HP: 1/23 [gnoll/whip (2)]
  1777 | D:2      | Reached XP level 4. HP: 1/28 MP: 8/8
  2622 | D:3      | Found a white marble altar of Elyvilon.
  2684 | D:3      | Slain by an orc

Vault maps used:
D:1:      matt_arrival_spirals
D:2:      uniq_sigmund
D:3:      elyvilon_altar_3

Skill      XL: |  1  2  3 |
---------------+----------+-----
Dodging        | 1 2 |  2.8
Stealth        | 1 2 |  2.7
Fighting       | 1 |  1.8
Spellcasting   | |  3.0
Charms         | |  1.0
Necromancy     | |  3.0
Fire Magic     | |  1.0
Evocations     | |  2.1

Action                   |  1- 3 |  4- 6 || total
-------------------------+-------+-------++-------
Melee: Club              |    12 |       ||    12
       Constrict         |    20 |    11 ||    31
       Tentacles         |    12 |     8 ||    20
       Dagger            |    54 |    42 ||    96
Evoke: Wand              |       |     1 ||     1
  Use: Potion            |       |     1 ||     1
 Stab: Sleeping          |     4 |     3 ||     7
  Eat: Chunk             |     2 |       ||     2
       Ration            |       |     1 ||     1
Armor: Skin              |     3 |     2 ||     5
Dodge: Dodged            |    29 |    24 ||    53

Table legend:
 A = Spawn XP
 B = Non-spawn XP
 C = Spawn XP percentage of total XP
 D = Spawn monster count
 E = Non-spawn monster count
 F = Spawn count percentage of total count
 G = Total turns spent on level
                    A         B        C        D         E        F      G
               +---------+---------+-------+---------+---------+-------+---------
         Total |       0 |     140 |   0.0 |       0 |      42 |   0.0 |  2684
               +---------+---------+-------+---------+---------+-------+---------
           D:1 |       0 |      28 |   0.0 |       0 |      15 |   0.0 |   862
           D:2 |       0 |      37 |   0.0 |       0 |       7 |   0.0 |  1228
           D:3 |       0 |      75 |   0.0 |       0 |      20 |   0.0 |   594
               +---------+---------+-------+---------+---------+-------+---------
